 Dungeon Crawl Stone Soup version 0.27-a0-1137-g3ef0f4ec91 (webtiles) character file.

Game seed: 15035885566667552540

130 pokeman the Magician (level 4, -1/25 HPs)
             Began as a Deep Elf Hedge Wizard on May 7, 2021.
             Slain by an orc priest
             ... wielding a +0 short sword
              (5 damage)
             ... on level 4 of the Dungeon.
             The game lasted 00:07:18 (3842 turns).

pokeman the Magician (Deep Elf Hedge Wizard)        Turns: 3842, Time: 00:07:19

Health: -1/25      AC:  5    Str:  7    XL:     4   Next: 90%
Magic:  0/13       EV: 12    Int: 20    God:
Gold:   214        SH:  0    Dex: 14    Spells: 3/14 levels left

rFire    + . .     SeeInvis .   o - staff of conjuration
rCold    x . .     Faith    .   (no shield)
rNeg     . . .     Spirit   .   h - +0 leather armour
rPois    .         Reflect  .   c - +0 hat
rElec    .         Harm     .   (no cloak)
rCorr    .         Rampage  .   b - +1 pair of gloves
Will     .....                  (no boots)
Stlth    ++........             (no amulet)
HPRegen  0.08/turn              f - ring of fire
MPRegen  0.13/turn              (no ring)

@: very slightly contaminated
A: no striking features
a: no special abilities


You were on level 4 of the Dungeon.
You visited 1 branch of the dungeon, and saw 4 of its levels.

You collected 214 gold pieces.

Inventory:

Missiles
 m - 16 bolts
 n - 13 arrows
Armour
 b - a +1 pair of gloves (worn)
 c - a +0 hat (worn)
 h - a +0 leather armour (worn)
Magical Staves
 o - a staff of conjuration (weapon)
Jewellery
 f - a ring of fire (left hand)
Scrolls
 a - a scroll of enchant armour {unknown}
 e - 2 scrolls of silence {unknown}
 i - a scroll of vulnerability {unknown}
 j - a scroll of fear {unknown}
 l - a scroll of noise {unknown}
 p - a scroll of enchant weapon {unknown}
Potions
 d - a potion of mutation {unknown}
 g - 2 potions of haste {unknown}
 k - a potion of ambrosia {unknown}
 q - a potion of heal wounds {unknown}
 r - a potion of curing
 s - a potion of brilliance {unknown}


   Skills:
 - Level 1.0 Fighting
 - Level 1.0 Armour
 - Level 3.0 Dodging
 + Level 2.4 Stealth
 * Level 5.9 Spellcasting
 + Level 2.4 Conjurations
 - Level 1.1 Summonings
 - Level 1.1 Translocations
 - Level 1.0 Fire Magic
 + Level 0.2 Air Magic


You had 3 spell levels left.
You knew the following spells:

 Your Spells              Type           Power      Damage    Failure   Level
a - Magic Dart            Conj           92%        1d7       5%          1
b - Mephitic Cloud        Conj/Pois/Air  14%        N/A       32%         3
c - Call Imp              Summ           10%        N/A       14%         2
d - Blink                 Tloc           N/A        N/A       14%         2
e - Conjure Flame         Conj/Fire      29%        6-21      22%         3

Your spell library contained the following spells:

 Spells                   Type           Power      Damage    Failure   Level
 Slow                     Hex            5%         N/A       24%         2


Dungeon Overview and Level Annotations

Branches:
Dungeon (4/15)
 Temple: D:4-7

Altars:


Message History

Aiming: Mephitic Cloud (extremely dangerous; 32% risk of failure)
Press: ? - help, Shift-Dir - straight line, f - orc priest, p - orc
Aim: an orc priest, wielding a +0 short sword (chance to affect: 86%)
You feel a surge of power!
You miscast Mephitic Cloud.
You are very lightly contaminated with residual magic.
Sparks of electricity dance around you!
Your crimson imp hits the orc.
The orc completely misses your crimson imp. x2
The orc hits your crimson imp with a +0 short sword.
Your crimson imp hits the orc.
The orc dies!
The orc closely misses your crimson imp.
Casting: Mephitic Cloud (extremely dangerous; 32% risk of failure)
Confirm with . or Enter, or press ? or * to list all spells.
You don't have enough magic to cast this spell.
There are monsters nearby!
The orc priest invokes the aid of Beogh against you.
Beogh smites you!
* * * LOW HITPOINT WARNING * * *
Your crimson imp blinks!
The orc priest calls upon Beogh to heal the orc.
The orc's wounds heal themselves!
Found an escape hatch in the floor.
The orc priest enters a dispersal trap!
Your crimson imp blinks!
You blink.
A worm comes into view.
Your magical contamination has completely faded away.
You see here an adder corpse.
Casting: Mephitic Cloud (extremely dangerous; 32% risk of failure)
Confirm with . or Enter, or press ? or * to list all spells.
The spell is extremely dangerous to cast (32% risk of failure)!
Continue anyway?
Aiming: Mephitic Cloud (extremely dangerous; 32% risk of failure)
Press: ? - help, Shift-Dir - straight line, f/p - orc priest
Aim: an orc priest, wielding a +0 short sword (chance to affect: 86%)
You feel a surge of power!
You miscast Mephitic Cloud.
You are very lightly contaminated with residual magic.
Nothing appears to happen.
Your crimson imp disappears in a puff of smoke!
The orc priest hits you with a +0 short sword.
You die...

#.......#.......#>
.#..#
#....##...o..........
.#
#....#....#..........
.
##.#......##........
###...^.......#...>
###..#.#...##....
##o####..# ...
#.o..#o.###..#
#@.†§........#
#...........##
#.##...##.....
..###+##.....## #...
.....# #... .w## #
#... ..# #.#. ..#


You could see an orc priest and 2 orcs.

Vanquished Creatures
  2 orc wizards (D:3)
  2 adders
  A worm (D:3)
  A dart slug (D:2)
  5 orcs
  6 bats
  3 endoplasms
  6 giant cockroaches
  4 goblins
  3 hobgoblins (D:1)
  3 kobolds
  2 quokkas
  6 ball pythons
  A frilled lizard (D:1)
  4 rats (D:1)
49 creatures vanquished.

Vanquished Creatures (collateral kills)
  An orc (D:4)
  A goblin (D:3)
2 creatures vanquished.

Vanquished Creatures (others)
  4 toadstools (D:1)
4 creatures vanquished.

Grand Total: 55 creatures vanquished

Notes
Turn   | Place    | Note
-------+----------+-------------------------------------------
     0 | D:1      | pokeman the Deep Elf Hedge Wizard began the quest for the
                  | Orb.
     0 | D:1      | Reached XP level 1. HP: 10/10 MP: 7/7
   401 | D:1      | Reached XP level 2. HP: 16/16 MP: 3/9
   665 | D:1      | Found a faded altar of an unknown god.
   982 | D:1      | Reached skill level 5 in Spellcasting
  1336 | D:2      | Reached XP level 3. HP: 13/20 MP: 3/11
  1341 | D:2      | Learned a level 3 spell: Mephitic Cloud
  1344 | D:2      | Learned a level 2 spell: Call Imp
  1347 | D:2      | Learned a level 2 spell: Blink
  1351 | D:2      | Learned a level 3 spell: Conjure Flame
  2310 | D:3      | Reached skill level 1 in Fighting
  2360 | D:3      | Reached skill level 1 in Armour
  2691 | D:3      | HP: 1/20 [goblin/+0 club (2)]
  3290 | D:3      | Reached XP level 4. HP: 19/25 MP: 0/13
  3566 | D:3      | Reached skill level 1 in Fire Magic
  3842 | D:4      | Slain by an orc priest

Illustrated notes

Levels and vault maps discovered:
D:1:      elethiomel_arrival_shortcut, layout_basic,
          hellmonk_ecumenical_altar_leap_of_faith, st_stairs_2,
          minmay_gold_behind_fungi, minmay_misc_feat_diagonals
D:2:      layout_basic, minmay_misc_feat_doors
D:3:      layout_loops_ring, hex_tiny
D:4:      cheibrodos_pilgrimage, layout_cave_pools, serial_shops, shop,
          kennysheep_crisscross, dk_noncrumbling_2, corexii_checkpoint_a

Skill      XL: |  1  2  3  4 |
---------------+-------------+-----
Spellcasting   | 5 |  5.9
Fighting       | 1 |  1.0
Armour         | 1 |  1.0
Conjurations   | 2 |  2.4
Fire Magic     | 1 |  1.0
Dodging        | 3 |  3.0
Stealth        | |  2.4
Summonings     | |  1.1
Translocations | |  1.1
Air Magic      | |  0.2

Action                   |  1- 3 |  4- 6 || total
-------------------------+-------+-------++-------
Melee: Dagger            |    15 |       ||    15
       Staff             |    10 |     2 ||    12
 Cast: Magic Dart        |   124 |    15 ||   139
       Call Imp          |     4 |     3 ||     7
       Mephitic Cloud    |     1 |     1 ||     2
       Conjure Flame     |     1 |       ||     1
 Stab: Confused          |     2 |       ||     2
Armor: Robe              |     5 |       ||     5
       Leather armour    |     3 |     1 ||     4
Dodge: Dodged            |    24 |     3 ||    27

Table legend: (Time is in decaauts)
 A = Elapsed time spent in this place.
 B = Non-inter-level travel time spent in this place.
 C = Inter-level travel time spent in this place.
 D = Time resting spent in this place.
 E = Time spent auto-exploring this place.
 F = Levels seen in this place.
 G = Mean time per level.
                   A        B        C        D        E       F      G
               +--------+--------+--------+--------+--------+-----+--------+
         Total |   3844 |   3730 |    114 |    280 |   2963 |   4 |  961.0 |
       Dungeon |   3844 |   3730 |    114 |    280 |   2963 |   4 |  961.0 |
               +--------+--------+--------+--------+--------+-----+--------+

Top non-repeatable levels by time:
     D:1: 1325 daAuts
     D:3: 1202 daAuts
     D:2: 1187 daAuts
     D:4: 129 daAuts
